 Dungeon Crawl Stone Soup version 0.24.0-13-gcf9b319 (webtiles) character file.

Game seed: 14625496771355675353, levelgen mode: deterministic

357 Bronimir the Chopper (level 6, -2/50 HPs)
             Began as a Centaur Gladiator on Apr 26, 2020.
             Killed from afar by an orc wizard (4 damage)
             ... with a magic dart
             ... on level 3 of the Dungeon.
             The game lasted 00:06:52 (4351 turns).

Bronimir the Chopper (Centaur Gladiator)            Turns: 4351, Time: 00:06:53

Health: -2/50      AC:  8    Str: 24    XL:     6   Next: 37%
Magic:  7/7        EV:  9    Int:  7    God:
Gold:   212        SH:  0    Dex: 10    Spells: 5/5 levels left

rFire    . . .     SeeInvis .   a - +0 war axe
rCold    . . .     Gourm    .   (no shield)
rNeg     . . .     Faith    .   i - +0 ring mail
rPois    .         Spirit   .   e - +0 helmet
rElec    .         Reflect  .   (no cloak)
rCorr    .         Harm     .   E - +0 pair of gloves
MR       .....                  (no barding)
Stlth    ..........             o - amulet of rage
HPRegen  0.16/turn              d - +5 ring of strength
MPRegen  0.10/turn              (no ring)

@: very quick
A: large, hooves 3, deformed body, speed 2, tough skin 3
a: Evoke Berserk Rage


You were on level 3 of the Dungeon.
You were hungry.

You visited 1 branch of the dungeon, and saw 3 of its levels.

You collected 212 gold pieces.

Inventory:

Hand Weapons
 a - a +0 war axe (weapon)
Missiles
 h - 33 bolts
 k - 73 stones
 p - 4 sling bullets
 B - 2 throwing nets (quivered)
 C - 8 poisoned darts
Armour
 b - a +0 leather armour
 c - a +0 helmet
 e - a +0 helmet (worn)
 i - a +0 ring mail (worn)
 E - a +0 pair of gloves (worn)
Jewellery
 d - a +5 ring of strength (left hand)
 o - an amulet of rage (around neck)
 u - an uncursed amulet of faith {unknown}
 y - an uncursed ring of fire
 D - an uncursed ring of flight {unknown}
Scrolls
 l - 2 scrolls of noise {unknown}
 r - 3 scrolls of teleportation {unknown}
 s - a scroll of enchant weapon {unknown}
 t - 3 scrolls of identify {unknown}
 w - 3 scrolls of remove curse {unknown}
 x - a scroll of immolation {unknown}
 A - 4 scrolls of enchant armour {unknown}
Potions
 j - 2 potions of lignification {unknown}
 m - 3 potions of mutation {unknown}
 n - a potion of magic {unknown}
 q - a potion of might {unknown}
 v - 2 potions of brilliance {unknown}
 z - a potion of degeneration {unknown}
Comestibles
 f - 5 rations
 g - 4 chunks of flesh


   Skills:
 * Level 2.7 Fighting
 * Level 4.6 Axes
 + Level 2.4 Throwing
 * Level 2.0 Armour
 * Level 2.9 Dodging
 + Level 0.1 Stealth
 * Level 1.6 Evocations


You had 5 spell levels left.
You didn't know any spells.
Your spell library was empty.

Dungeon Overview and Level Annotations

Branches:
Dungeon (3/15)

Altars:
Cheibriados


Innate Abilities, Weirdness & Mutations

You have hooves in place of feet.
Armour fits poorly on your strangely shaped body.
You cover ground very quickly.
You have extremely tough skin. (AC +3)


Message History

You closely miss the orc priest.
The orc priest is severely wounded.
You closely miss the orc priest.
The orc priest is severely wounded.
The orc priest hits you but does no damage.
The orc wizard points at you and mumbles some strange words.
The magic dart hits you.
* * * LOW HITPOINT WARNING * * *
You closely miss the orc priest. Your kick misses the orc priest.
The orc priest is severely wounded.
The orc wizard mumbles some strange words.
The orc wizard seems to speed up.
The orc priest invokes the aid of Beogh against you.
Beogh smites you!
* * * LOW HITPOINT WARNING * * *
You slash the orc priest!
You kill the orc priest!
The orc wizard points at you and mumbles some strange words.
The magic dart hits you.
You die...

.................
..............##
......#.....#..###
....#............#
.................##
..............!...#
.....######.##.†..#
....## ..>..###?(.#
....###.....# ##@)#
............. ##..#
..##......... .....
#............#
o.....#
#####........#
......# ##........
......#
####.........
......#
.............
#######
#####........


You could see an orc wizard.

Vanquished Creatures
  2 orc wizards
  2 orc priests
  A worker ant (D:2)
  7 adders
  4 oozes
  2 worms (D:2)
  3 dart slugs
  A leopard gecko (D:2)
  20 orcs
  A ball python (D:1)
  4 giant cockroaches (D:2)
  10 goblins
  9 hobgoblins
  12 jackals
  11 kobolds
  2 quokkas (D:3)
  7 bats
  6 frilled lizards
  3 rats
107 creatures vanquished.

Notes
Turn   | Place    | Note
-------+----------+-------------------------------------------
     0 | D:1      | Bronimir the Centaur Gladiator began the quest for the Orb.
     0 | D:1      | Reached XP level 1. HP: 17/17 MP: 1/1
   182 | D:1      | Reached XP level 2. HP: 24/24 MP: 2/2
   264 | D:1      | Reached skill level 3 in Axes
   542 | D:1      | Reached XP level 3. HP: 22/29 MP: 3/3
  1191 | D:2      | Reached skill level 1 in Armour
  1191 | D:2      | Reached XP level 4. HP: 31/36 MP: 4/4
  2433 | D:2      | Reached skill level 1 in Evocations
  2433 | D:2      | Reached XP level 5. HP: 42/42 MP: 5/5
  2437 | D:2      | Found a snail-covered altar of Cheibriados.
  2495 | D:2      | Reached skill level 4 in Axes
  3940 | D:3      | Reached XP level 6. HP: 19/50 MP: 7/7
  4350 | D:3      | HP: 2/50 [orc priest/divine providence (10)]
  4351 | D:3      | Killed from afar by an orc wizard

Levels and vault maps discovered:
D:1:      dpeg_arrival_more_subterranean_lakeside_camping, layout_loops_ring
D:2:      layout_loops_corners, cheibriados_altar_1, first_ration,
          minmay_divided_ellipse
D:3:      layout_rooms

Skill      XL: |  1  2  3  4  5  6 |
---------------+-------------------+-----
Axes           | 3 4 |  4.6
Armour         | 1 2 |  2.0
Evocations     | 1 |  1.6
Fighting       | |  2.7
Throwing       | |  2.4
Dodging        | |  2.9
Stealth        | |  0.1

Action                   |  1- 3 |  4- 6 || total
-------------------------+-------+-------++-------
Melee: War axe           |    77 |   169 ||   246
       Kick              |    16 |    39 ||    55
Throw: Throwing net      |       |     7 ||     7
       Stone             |       |     1 ||     1
  Use: Potion            |       |     2 ||     2
 Stab: Held in net/web   |       |     1 ||     1
  Eat: Chunk             |       |     9 ||     9
Armor: Ring mail         |    41 |    92 ||   133
Dodge: Dodged            |    31 |    97 ||   128
